 Dungeon Crawl Stone Soup version 0.30.0-5-g1a98f26d00 (webtiles) character file.

Game seed: 12674428094394908982

106 safid the Chiller (level 4, -12/34 HPs)
             Began as a Merfolk Ice Elementalist on May 11, 2023.
             Mangled by an ogre
             ... wielding a +0 giant spiked club
              (22 damage)
             ... on level 3 of the Dungeon.
             The game lasted 00:03:30 (2122 turns).

safid the Chiller (Merfolk Ice Elementalist)        Turns: 2122, Time: 00:03:31

Health: -12/34     AC:  8    Str:  8    XL:     4   Next: 84%
Magic:  8/17       EV: 12    Int: 16    God:
Gold:   166        SH:  0    Dex: 14    Spells: 2/9 levels left

rFire   . . .        o - +4 mace
rCold   . . .        (no shield)
rNeg    . . .        a - +0 robe
rPois   .            (no helmet)
rElec   .            (no cloak)
rCorr   .            (no gloves)
SInv    .            (no boots)
Will    .....        (no amulet)
Stlth   ++           g - ring of magical power
HPRegen 0.25/turn    k - ring of flight
MPRegen 0.15/turn

%: no passive effects
@: ice-armoured, freezing walls, flying
A: (nimble swimmer 2), mertail
a: no special abilities


You were on level 3 of the Dungeon.
You visited 1 branch of the dungeon, and saw 3 of its levels.

You collected 166 gold pieces.

Inventory:

Hand Weapons
 o - a +4 mace (weapon)
Armour
 a - a +0 robe (worn)
Jewellery
 g - a ring of magical power (left hand)
 k - a ring of flight (right hand)
Scrolls
 e - 2 scrolls of noise {unknown}
 h - a scroll of amnesia {unknown}
 n - a scroll of poison {unknown}
 p - a scroll of teleportation {unknown}
 q - a scroll of identify {unknown}
Potions
 b - 2 potions of magic
 c - a potion of resistance {unknown}
 d - a potion of heal wounds {unknown}
 f - 2 potions of lignification {unknown}
 i - 2 potions of ambrosia {unknown}
 j - 3 potions of curing {unknown}
 l - 2 potions of flight {unknown}
 m - a potion of brilliance {unknown}


   Skills:
 + Level 2.4 Fighting
 - Level 2.6 Dodging
 - Level 2.1 Stealth
 + Level 3.0 Spellcasting
 + Level 5.2 Ice Magic


You had 2 spell levels left.
You knew the following spells:

 Your Spells              Type           Power      Damage    Failure   Level
a - Freeze                Ice            76%        1d8       2%          1
b - Frozen Ramparts       Ice            38%        1d6       6%          3
c - Ozocubu's Armour      Ice            19%        N/A       6%          3

Your spell library contained the following spells:

 Spells                   Type           Power      Damage    Failure   Level
 Sting                    Tmut/Pois      8%         1d3       19%         1
 Poisonous Vapours        Pois/Air       4%         N/A       28%         2
 Ice Form                 Ice/Tmut       10%        N/A       54%         4
 Summon Ice Beast         Ice/Summ       10%        N/A       54%         4
 Olgreb's Toxic Radiance  Pois           2%         N/A       88%         4


Dungeon Overview and Level Annotations

Branches:
Dungeon (3/15)

Altars:
Cheibriados


Innate Abilities, Weirdness & Mutations

((You are very nimble when in or above water. (Stealth+, EV+, Speed+++)))
Your lower body shifts to a powerful aquatic tail in water.


Message History

The wall freezes the goblin!
You kill the goblin!
The wall freezes the ogre.
The wall freezes the goblin.
You kill the goblin!
The wall freezes the ogre.
The ogre hits you with a +0 giant spiked club!!
Ouch! That really hurt!
* * * LOW HITPOINT WARNING * * *
Unknown command.
Casting: Ozocubu's Armour (dangerous; 6% risk of failure)
Confirm with . or Enter, or press ? or * to list all spells.
Aiming: Freeze (safe; 2% risk of failure)
Press: ? - help, Shift-Dir - straight line, f - ogre
Aim: an ogre, wielding a +0 giant spiked club (heavily wounded)
You freeze the ogre.
The ogre is heavily wounded.
The wall freezes the goblin. x2
Unknown command.
Casting: Freeze (safe; 2% risk of failure)
Confirm with . or Enter, or press ? or * to list all spells.
Aiming: Freeze (safe; 2% risk of failure)
Press: ? - help, Shift-Dir - straight line, f/p - ogre
Aim: an ogre, wielding a +0 giant spiked club (heavily wounded)
You freeze the ogre.
The ogre is heavily wounded.
The wall freezes the ogre.
The ogre misses you.
The wall freezes the goblin.
You kill the goblin!
The wall freezes the goblin.
You kill the goblin!
Casting: Freeze (safe; 2% risk of failure)
Confirm with . or Enter, or press ? or * to list all spells.
Aiming: Freeze (safe; 2% risk of failure)
Press: ? - help, Shift-Dir - straight line, f/p - ogre
Aim: an ogre, wielding a +0 giant spiked club (severely wounded)
You freeze the ogre.
The ogre is almost dead.
The wall freezes the ogre.
The ogre hits you with a +0 giant spiked club!!
Ouch! That really hurt!
You die...

#####
########...#
##......#.(.#
.#####.......#)))
.............##O#
...............@#
...............##
#####..........#
...............#
#.####........##
##........##
#..).......#
###.....^....#
##............#


You could see an ogre.

Vanquished Creatures
  A gnoll (D:1)
  2 adders (D:3)
  A worm (D:2)
  2 dart slugs (D:1)
  11 bats
  10 endoplasms
  6 giant cockroaches
  14 goblins
  4 hobgoblins
  2 kobolds (D:1)
  2 ball pythons (D:1)
  4 frilled lizards
  5 rats
64 creatures vanquished.

Notes
Turn   | Place    | Note
-------+----------+-------------------------------------------
     0 | D:1      | safid the Merfolk Ice Elementalist began the quest for the
                  | Orb.
     0 | D:1      | Reached XP level 1. HP: 13/13 MP: 3/3
   229 | D:1      | Reached XP level 2. HP: 20/20 MP: 3/5
   335 | D:1      | Reached skill level 1 in Fighting
   595 | D:1      | Reached XP level 3. HP: 20/26 MP: 1/6
  1136 | D:1      | Learned a level 3 spell: Frozen Ramparts
  1140 | D:1      | Learned a level 3 spell: Ozocubu's Armour
  1183 | D:2      | Found a snail-covered altar of Cheibriados.
  1268 | D:2      | HP: 1/27 [worm (5)]
  1383 | D:2      | Reached skill level 5 in Ice Magic
  1399 | D:2      | Reached XP level 4. HP: 33/33 MP: 8/8
  2116 | D:3      | Noticed an ogre
  2122 | D:3      | Mangled by an ogre

Illustrated notes

Levels and vault maps discovered:
D:1:      dpeg_arrival_refuge, layout_loops_ring
D:2:      layout_rooms, basic_altar
D:3:      layout_rooms, mainiacjoe_overflow_cross_hatched, lemuel_doored_altar,
          grunt_decor_resistance, minmay_ogre_servants

Skill      XL: |  1  2  3  4 |
---------------+-------------+-----
Fighting       | 1 2 |  2.4
Ice Magic      | 5 |  5.2
Spellcasting   | 3 |  3.0
Dodging        | |  2.6
Stealth        | |  2.1

Action                     |  1- 3 |  4- 6 || total
---------------------------+-------+-------++-------
  Melee: Short sword       |    43 |     8 ||    51
         Unarmed           |     1 |       ||     1
         Mace              |       |    11 ||    11
   Cast: Freeze            |    44 |    17 ||    61
         Ozocubu's Armour  |     1 |     1 ||     2
         Frozen Ramparts   |     1 |     1 ||     2
   Stab: Sleeping          |     4 |     1 ||     5
 Armour: Robe              |    20 |     8 ||    28
  Dodge: Dodged            |    42 |    22 ||    64
